 Dungeon Crawl Stone Soup version 0.29-a0-1047-g7c58e119a4 (webtiles) character file.

Game seed: 8541533851435614785

764 ytrimaz the Insei (level 7, -6/49 HPs)
             Began as a Demonspawn Transmuter on Aug 16, 2022.
             Was an Initiate of Gozag.
             Mangled by a gnoll
             ... wielding a +0 halberd
             ... led by a gnoll sergeant
              (9 damage)
             ... on level 5 of the Dungeon.
             The game lasted 00:05:33 (5381 turns).

ytrimaz the Insei (Demonspawn Transmuter)           Turns: 5381, Time: 00:05:33

Health: -6/49      AC:  2    Str: 10    XL:     7   Next: 51%
Magic:  0/12       EV: 19    Int: 16    God:    Gozag
Gold:   190        SH:  0    Dex: 19    Spells: 3/13 levels left

rFire   . . .      SeeInvis .     - Unarmed
rCold   . . .      Faith    .   (shield currently unavailable)
rNeg    . . .      Spirit   +   (body armour currently unavailable)
rPois   x          Reflect  .   (helmet currently unavailable)
rElec   .          Harm     .   (cloak currently unavailable)
rCorr   .          Rampage  .   (gloves currently unavailable)
Will    .....                   (boots currently unavailable)
Stlth   ++........              m - amulet of magic regeneration
HPRegen 0.16/turn               d - ring of wizardry
MPRegen 0.66/turn               (no ring)

@: spider-form, wereblooded, gold aura
A: venomous fangs, tiny, (horns 1), powered by death 1, magic shield, magic
regeneration
a: End Transformation, Renounce Religion, Potion Petition, Call Merchant, Bribe
Branch


You were on level 5 of the Dungeon.
You worshipped Gozag.
Gozag was aware of your devotion.
You were a venomous arachnid creature.
You visited 2 branches of the dungeon, and saw 6 of its levels.

You collected 238 gold pieces.
You paid 48 gold pieces to Gozag.

Inventory:

Armour
 f - a +2 robe of resistance (melded)
Jewellery
 d - a ring of wizardry (left front leg)
 m - an amulet of magic regeneration (around neck)
Scrolls
 e - 3 scrolls of fog
 h - 2 scrolls of teleportation
 o - a scroll of vulnerability
Potions
 a - a potion of attraction
 b - a potion of degeneration {unknown}
 c - 2 potions of heal wounds
 g - a potion of magic {unknown}
 j - 2 potions of flight
 l - a potion of might {unknown}
 n - 2 potions of berserk rage


   Skills:
 - Level 1.9 Fighting
 - Level 1.7 Dodging
 + Level 5.4 Unarmed Combat
 - Level 3.8 Spellcasting
 - Level 3.5 Transmutations
 + Level 3.4 Poison Magic


You had 3 spell levels left.
You knew the following spells:

 Your Spells              Type           Power      Damage    Failure   Level
a - Beastly Appendage     Tmut           28%        N/A       5%          1
b - Wereblood             Tmut           14%        N/A       7%          2
c - Spider Form           Tmut/Pois      14%        N/A       12%         3
d - Ice Form              Ice/Tmut       8%         N/A       47%         4

Your spell library contained the following spells:

 Spells                   Type           Power      Damage    Failure   Level
 Blink                    Tloc           6%         N/A       21%         2
 Call Canine Familiar     Summ           3%         N/A       34%         3
 Portal Projectile        Hex/Tloc       6%         N/A       34%         3
 Leda's Liquefaction      Hex/Erth       1%         N/A       69%         4
 Manifold Assault         Tloc           3%         N/A       93%         5
 Storm Form               Tmut/Air       4%         N/A       100%        7


Dungeon Overview and Level Annotations

Branches:
Dungeon (5/15)             Temple (1/1) D:4

Altars:
Ashenzari
Cheibriados
Dithmenos
Gozag
Hepliaklqana
Kikubaaqudgha
Makhleb
Nemelex Xobeh
Okawaru
Qazlal
Ru
Sif Muna
Trog
Uskayaw
Vehumet
Wu Jian
Xom
Yredelemnul

Shops:
D:4 *

Annotations:
D:3 1 runed translucent door, Crazy Yiuf


Innate Abilities, Weirdness & Mutations

You are a venomous arachnid creature.
You have poisonous fangs.
You are tiny and dextrous.
Your spellcasting is less reliable in this form.
Your armour is entirely melded.
You are incapable of wielding weapons or throwing items.
((You have a pair of small horns on your head.))
You regenerate a little health from kills.
When hurt, damage is shared between your health and your magic reserves.
You regenerate magic rapidly.


Message History

The hound barely misses you.
The gnoll shouts!
You hit the hound but do no damage.
The hound looks as sick as possible!
The hound is lightly wounded.
The hound misses you. The gnoll sergeant misses you.
You bite the hound!
The hound is heavily wounded.
The hound bites you. The hound misses you.
You closely miss the hound.
The hound is almost dead.
You feel a bit better.
You kill the hound!
The gnoll sergeant completely misses you.
Unknown command.
The gnoll sergeant hits you with a +2 vorpal spear!
You see here 7 gold pieces.
You hit the gnoll sergeant but do no damage.
The gnoll sergeant is poisoned.
The gnoll sergeant misses you.
You hit the gnoll sergeant.
The gnoll sergeant is lightly wounded.
The gnoll sergeant hits you with a +2 vorpal spear!
You hit the gnoll sergeant.
The gnoll sergeant is moderately wounded.
The gnoll sergeant hits you with a +2 vorpal spear.
The gnoll completely misses you.
Unknown command.
You hit the gnoll sergeant but do no damage.
The gnoll sergeant looks even sicker.
The gnoll sergeant is moderately wounded.
The gnoll sergeant hits you with a +2 vorpal spear!
* * * LOW HITPOINT WARNING * * *
x2 The gnoll closely misses you.
You hit the gnoll sergeant but do no damage.
The gnoll sergeant looks as sick as possible!
The gnoll sergeant is moderately wounded.
The gnoll sergeant hits you with a +2 vorpal spear.
* * * LOW HITPOINT WARNING * * *
x2 The gnoll hits you from afar with a +0 halberd!
You die...
Your body crumbles into a pile of gold.

##...#..# #. #.....
#..# ##.. ..#... #...
##...####.#....
............#.......#
#####...........g.#
#.. #g.....# # #.#
##.. ##g##...# ....#
##.... #g.# .#
##..####.....###s##
#......##......# #.#
#...#.....## . #.#
##....###..###...
#.###.....###.....#
###....## #......####
...###..# ##.#..##
...# ##.###..####
..## ##....##


You could see a gnoll sergeant (extremely poisoned) and 2 gnolls.

Vanquished Creatures
  Eustachio (D:4)
  An ogre (D:5)
  A bullfrog (D:4)
  A scorpion (D:5)
  2 hounds (D:5)
  A jelly (D:4)
  A gnoll bouda (D:3)
  Jessica (D:2)
  2 iguanas
  Terence (D:3)
  Natasha (thrice) (D:3)
  5 gnolls
  2 adders
  A white imp (D:5)
  5 dart slugs
  5 orcs
  2 ball pythons
  4 endoplasms
  A giant cockroach (D:3)
  7 goblins
  2 hobgoblins
  3 quokkas
  2 bats (D:2)
  A frilled lizard (D:2)
  5 kobolds
  6 rats
66 creatures vanquished.

Vanquished Creatures (others)
  12 fungi
12 creatures vanquished.

Grand Total: 78 creatures vanquished

Notes
Turn   | Place    | Note
-------+----------+-------------------------------------------
     0 | D:1      | ytrimaz the Demonspawn Transmuter began the quest for the
                  | Orb.
     0 | D:1      | Reached XP level 1. HP: 15/15 MP: 3/3
   388 | D:1      | Reached skill level 3 in Unarmed Combat
   388 | D:1      | Gained mutation: You regenerate magic rapidly. [demonic
                  | ancestry]
   388 | D:1      | Reached XP level 2. HP: 4/21 MP: 5/5
   782 | D:1      | Learned a level 2 spell: Wereblood
  1161 | D:2      | Found a faded altar of an unknown god.
  1255 | D:2      | Noticed Jessica
  1286 | D:2      | Gained mutation: You regenerate a little health from kills.
                  | [demonic ancestry]
  1286 | D:2      | Reached XP level 3. HP: 9/26 MP: 3/6
  1289 | D:2      | Killed Jessica
  1737 | D:3      | Gained mutation: When hurt, damage is shared between your
                  | health and your magic reserves. [demonic ancestry]
  1737 | D:3      | Reached XP level 4. HP: 32/32 MP: 8/8
  1820 | D:3      | Found a runed translucent door.
  1821 | D:3      | Noticed Crazy Yiuf
  2011 | D:3      | Noticed Natasha
  2022 | D:3      | Learned a level 3 spell: Spider Form
  2028 | D:3      | Killed Natasha
  2333 | D:3      | Noticed Natasha
  2354 | D:3      | Killed Natasha
  2559 | D:3      | Noticed Terence
  2568 | D:3      | Killed Terence
  2569 | D:3      | Gained mutation: You have a pair of small horns on your
                  | head. [demonic ancestry]
  2569 | D:3      | Reached XP level 5. HP: 37/37 MP: 10/10
  2709 | D:3      | Noticed Natasha
  2715 | D:3      | Killed Natasha
  2749 | D:4      | Found a staircase to the Ecumenical Temple.
  3027 | D:4      | Noticed Eustachio
  3173 | D:4      | Killed Eustachio
  3174 | D:4      | Reached XP level 6. HP: 33/44 MP: 9/11
  3415 | D:4      | Reached skill level 4 in Unarmed Combat
  3544 | D:4      | Reached XP level 7. HP: 39/49 MP: 10/12
  3709 | D:4      | Found Ucleniapt's Gadget Gallery.
  3917 | Temple   | Entered the Ecumenical Temple
  4330 | Temple   | Became a worshipper of Gozag Ym Sagoz the Greedy
  4383 | D:5      | Entered Level 5 of the Dungeon
  4477 | D:5      | Reached skill level 5 in Unarmed Combat
  4790 | D:5      | Learned a level 4 spell: Ice Form
  5381 | D:5      | Mangled by a gnoll

Illustrated notes

Levels and vault maps discovered:
D:1:      mrwooster_arrival_statue_2, layout_basic
D:2:      layout_rooms, hellmonk_ecumenical_altar_defaced_shrine, uniq_jessica
D:3:      layout_basic, minmay_curled_crystal, small_statue_intersection,
          uniq_crazy_yiuf_cottage, uniq_natasha, uniq_terence
D:4:      layout_basic, minmay_temple_entry_ruins, serial_aquarium,
          aquarium_bridge_island_small [aquarium_subvault_small_open,
          aquarium_subvault_bridge, aquarium_subvault_bridge,
          aquarium_subvault_window, aquarium_subvault_window],
          aquarium_window_2, aquarium_window_fake, aquarium_view_2e,
          aquarium_view_2b, aquarium_balcony_3b, aquarium_pool_2,
          nicolae_shop_gadgets, uniq_eustachio
D:5:      layout_layer_cave
Temple:   mainiacjoe_temple_trianglar_array

Skill      XL: |  1  2  3  4  5  6  7 |
---------------+----------------------+-----
Unarmed Combat | 3 4 5 |  5.4
Transmutations | 2 3 |  3.5
Spellcasting   | 3 |  3.8
Poison Magic   | 2 3 |  3.4
Fighting       | |  1.9
Dodging        | |  1.7

Action                   |  1- 3 |  4- 6 |  7- 9 || total
-------------------------+-------+-------+-------++-------
Melee: Unarmed           |    87 |   114 |    40 ||   241
       Kick              |    19 |    10 |       ||    29
       Headbutt          |    10 |     7 |       ||    17
       Punch             |     1 |     1 |       ||     2
 Cast: Beastly Appendage |    16 |     6 |       ||    22
       Wereblood         |     5 |       |     2 ||     7
       Spider Form       |       |    12 |     9 ||    21
  Use: Potion            |     3 |       |       ||     3
       Scroll            |     2 |     3 |     4 ||     9
Armor: Skin              |     6 |     5 |       ||    11
       Robe              |    11 |     4 |       ||    15
Dodge: Dodged            |    28 |    90 |    32 ||   150

Table legend: (Time is in decaauts)
 A = Elapsed time spent in this place.
 B = Non-inter-level travel time spent in this place.
 C = Inter-level travel time spent in this place.
 D = Time resting spent in this place.
 E = Time spent auto-exploring this place.
 F = Levels seen in this place.
 G = Mean time per level.
                   A        B        C        D        E       F      G
               +--------+--------+--------+--------+--------+-----+--------+
         Total |   5363 |   5124 |    239 |    313 |   4057 |   6 |  893.8 |
       Dungeon |   4919 |   4748 |    171 |    313 |   3688 |   5 |  983.8 |
        Temple |    444 |    376 |     68 |      0 |    369 |   1 |  444.0 |
               +--------+--------+--------+--------+--------+-----+--------+

Top non-repeatable levels by time:
     D:3: 1345 daAuts
     D:5: 994 daAuts
     D:1: 962 daAuts
     D:4: 858 daAuts
     D:2: 758 daAuts
  Temple: 444 daAuts
